 Dungeon Crawl Stone Soup version 0.30-b1-2-g02819fbbbe (webtiles) character file.

Game seed: 2613275205587114352

17 Alarkh the Insei (level 2, 16/24 HPs)
             Began as a Demonspawn Chaos Knight on May 21, 2023.
             Was a Plaything of Xom.
             Got out of the dungeon alive.
             The game lasted 00:00:25 (273 turns).

Alarkh the Insei (Demonspawn Chaos Knight)           Turns: 273, Time: 00:00:25

Health: 16/24      AC:  5    Str: 12    XL:     2   Next: 44%
Magic:  2/2        EV: 11    Int: 13    God:    Xom [..*...]
Gold:   6          SH:  4    Dex: 12    Spells: 1/1 levels left

rFire   . .          .
                       - Unarmed
rCold   . . .        (no shield)
rNeg    . . .        a - +2 leather armour
rPois   .            (no helmet)
rElec   .            (no cloak)
rCorr   .            (no gloves)
SInv    .            (no boots)
Will    .....        (no amulet)
Stlth   +            (no ring)
HPRegen 0.24/turn    (no ring)
MPRegen 0.08/turn

%: no passive effects
@: no status effects
A: condensation shield
a: Renounce Religion


You escaped.
You worshipped Xom.
You were a toy of Xom.
You visited 1 branch of the dungeon, and saw 1 of its levels.

You collected 6 gold pieces.

Inventory:

Armour
 a - a +2 leather armour (worn)
Jewellery
 d - an amulet of faith
Scrolls
 c - a scroll of acquirement {unknown}
Potions
 e - a potion of attraction {unknown}
Miscellaneous
 b - a piece from Xom's chessboard (15/15) (quivered)


   Skills:
 - Level 3.0 Fighting
 - Level 1.7 Armour
 - Level 0.8 Dodging
 + Level 3.5 Unarmed Combat


You had one spell level left.
You didn't know any spells.
Your spell library was empty.

Dungeon Overview and Level Annotations

Branches:
Dungeon (1/15)

Altars:


Innate Abilities, Weirdness & Mutations

A meltable shield of frost defends you. (SH +4)


Message History

Unknown command.
You are too injured to fight recklessly!
Unknown command.
Unknown command.
A jackal comes into view.
You see here a +0 cloak.
A dart slug comes into view.
The jackal barks!
You closely miss the jackal. The jackal closely misses you. x2
You barely miss the jackal.
The jackal bites you but does no damage.
You hit the jackal.
You kill the jackal!
The jackal bites you.
You barely miss the jackal. The jackal barely misses you.
You hit the jackal.
The jackal is lightly wounded.
You block the jackal's attack.
You barely miss the jackal.
The jackal is lightly wounded.
The jackal bites you but does no damage.
You hit the jackal.
You kill the jackal!
The dart slug bites you.
You see here a jackal corpse.
You hit the dart slug.
The dart slug is lightly wounded.
You hit the dart slug.
The dart slug is heavily wounded.
The dart slug launches a dart at you. The slug dart hits you.
* * * LOW HITPOINT WARNING * * *
You hit the dart slug. You punch the dart slug.
You kill the dart slug!
Unknown command.
You see here a +0 leather armour.
You see here a rat corpse.
There is a staircase leading out of the dungeon here.
Are you sure you want to leave the Dungeon?
This will make you lose the game!
You have escaped!

## #...#
#.###†#.###
#.....#...##
###.#.#.###..##
#.........##..#
#.#.#.#.#.###.#
.. ...#.#..^....#
#.#.###.###.#.###
#......@......#
#.#.###.###.#.##
. ...#.#......#
#.#.#.#.#.####
#.........#
###.#.#.###
#.....#
#.###.#######
#..÷........#


There were no monsters in sight!

Vanquished Creatures
  A dart slug (D:1)
  2 endoplasms (D:1)
  A giant cockroach (D:1)
  2 jackals (D:1)
  A quokka (D:1)
  2 ball pythons (D:1)
  2 goblins (D:1)
  A kobold (D:1)
  3 rats (D:1)
15 creatures vanquished.

Notes
Turn   | Place    | Note
-------+----------+-------------------------------------------
     0 | D:1      | Alarkh the Demonspawn Chaos Knight began the quest for the
                  | Orb.
     0 | D:1      | Reached XP level 1. HP: 18/18 MP: 1/1
   101 | D:1      | XOM: silly message
   191 | D:1      | Gained mutation: A meltable shield of frost defends you.
                  | (SH +4) [demonic ancestry]
   191 | D:1      | Reached XP level 2. HP: 15/24 MP: 2/2
   195 | D:1      | XOM: divination: detect items
   273 | D:$      | Got out of the dungeon alive.

Illustrated notes

Levels and vault maps discovered:
D:1:      roderic_chinese_lattice_arrival, layout_loops_ring, dk_noncrumbling_3

Skill      XL: |  1 |
---------------+----+-----
Unarmed Combat | 3 |  3.5
Fighting       | |  3.0
Armour         | |  1.7
Dodging        | |  0.8

Action                     || total
---------------------------++-------
  Melee: Unarmed           ||    58
         Punch             ||     2
   Stab: Sleeping          ||     1
 Armour: Leather armour    ||    19
  Dodge: Dodged            ||    25
  Block: Other             ||     1
